 Dungeon Crawl Stone Soup version 0.21-a0-442-g848f44b (webtiles) character file.

21 kae the Digger (level 2, -1/15 HPs)
             Began as a Gargoyle Earth Elementalist on Nov 15, 2017.
             Slain by a hobgoblin
             ... wielding a +0 club
              (4 damage)
             ... on level 1 of the Dungeon.
             The game lasted 00:00:57 (1276 turns).

kae the Digger (Gargoyle Earth Elementalist)        Turns: 1276, Time: 00:00:58

Health: -1/15      AC:  4    Str: 11    XL:     2   Next: 83%
Magic:  5/5        EV: 12    Int: 15    God:
Gold:   21         SH:  0    Dex: 10    Spells: 5/6 levels left

rFire    . . .     SeeInvis .   g - +0 club
rCold    . . .     Gourm    .   (no shield)
rNeg     + . .     Faith    .   c - +0 robe
rPois    ∞         Spirit   .   (no helmet)
rElec    +         Reflect  .   (no cloak)
rCorr    .         Harm     .   (no gloves)
MR       .....                  (no boots)
Stlth    ++........             (no amulet)
HPRegen  0.05/turn              (no ring)
MPRegen  0.09/turn              (no ring)

@: no status effects
A: negative energy resistance 1, electricity resistance, unbreathing,
petrification resistance, rot immunity, AC +2
a: no special abilities


You were on level 1 of the Dungeon.
You were hungry.

You visited 1 branch of the dungeon, and saw 1 of its levels.

You collected 21 gold pieces.

Inventory:

Hand Weapons
 g - a +0 club (weapon)
Missiles
 b - 53 stones (quivered)
Armour
 c - a +0 robe (worn)
Jewellery
 h - an uncursed amulet of magic regeneration {unknown}
Scrolls
 a - a scroll of identify {unknown}
 i - a scroll of amnesia {unknown}
Potions
 f - a potion of flight {unknown}
Books
 e - a book of Geomancy

   Spells                             Type                      Level
   a - Sandblast                      Earth                        1
   b - Passwall                       Transmutation/Earth          2
   c - Stone Arrow                    Conjuration/Earth            3
   d - Petrify                        Transmutation/Earth          4
   e - Lee's Rapid Deconstruction     Earth                        5
Comestibles
 d - a bread ration


   Skills:
 - Level 1.5 Dodging
 - Level 2.1 Stealth
 + Level 2.5 Spellcasting
   Level 0.7 Transmutations
 + Level 4.2 Earth Magic


You had 5 spell levels left.
You knew the following spells:

 Your Spells              Type           Power        Failure   Level  Hunger
a - Sandblast             Erth           ##....       3%          1    #......


Dungeon Overview and Level Annotations

Branches:
Dungeon (1/15)

Altars:


Innate Abilities, Weirdness & Mutations

You are resistant to torment.
Your stone body is resilient. (AC +2)
You are immune to poison.
You resist negative energy. (rN+)
You are resistant to electric shocks. (rElec)
You can survive without breathing.
You are immune to petrification.
You are immune to rotting.


Message History

You barely miss the hobgoblin.
The hobgoblin is heavily wounded.
The hobgoblin hits you with a club.
You barely miss the hobgoblin.
The hobgoblin is heavily wounded.
The hobgoblin barely misses you.
You hit the hobgoblin but do no damage.
The hobgoblin is heavily wounded.
The hobgoblin hits you but does no damage.
You hit the hobgoblin.
The hobgoblin is heavily wounded.
The hobgoblin misses you. The hobgoblin hits you with a club.
You hit the hobgoblin.
The hobgoblin is severely wounded.
The hobgoblin hits you with a club.
* * * LOW HITPOINT WARNING * * *
You hit the hobgoblin but do no damage.
The hobgoblin is severely wounded.
The hobgoblin hits you with a club.
You die...

#######.# #......#..#.#
........# #########...#
...###### ####### ...#
#.....# ...# #.....# ...#
##.....# ...# #......#
...###################......#
...'............@g..........#
...###################......#
...# ...####.# ...# ...#.# #
#### #..#.#.# # #. . #.. # #
.# ### # .. #


You could see a hobgoblin.

Vanquished Creatures
  A leopard gecko (D:1)
  4 bats (D:1)
  3 goblins (D:1)
  2 hobgoblins (D:1)
  3 frilled lizards (D:1)
  4 kobolds (D:1)
  5 rats (D:1)
22 creatures vanquished.

Notes
Turn   | Place    | Note
-------+----------+-------------------------------------------
     0 | D:1      | kae the Gargoyle Earth Elementalist began the quest for the Orb.
     0 | D:1      | Reached XP level 1. HP: 10/10 MP: 3/3
   348 | D:1      | Reached XP level 2. HP: 9/15 MP: 5/5
   352 | D:1      | Reached skill level 4 in Earth Magic
  1276 | D:1      | Slain by a hobgoblin

Vault maps used:
D:1:      erik_arrival_gehennom, st_stairs_9

Skill      XL: |  1  2 |
---------------+-------+-----
Earth Magic    | 4 |  4.2
Dodging        | |  1.5
Stealth        | |  2.1
Spellcasting   | |  2.5
Transmutations | |  0.7

Action                   || total
-------------------------++-------
Melee: Unarmed           ||    48
       Club              ||    80
 Cast: Sandblast         ||    11
 Stab: Sleeping          ||     2
  Eat: Chunk             ||     1
Armor: Robe              ||    64
Dodge: Dodged            ||   104

Table legend:
 A = Spawn XP
 B = Non-spawn XP
 C = Spawn XP percentage of total XP
 D = Spawn monster count
 E = Non-spawn monster count
 F = Spawn count percentage of total count
 G = Total turns spent on level
                    A         B        C        D         E        F      G
               +---------+---------+-------+---------+---------+-------+---------
         Total |       0 |      30 |   0.0 |       0 |      22 |   0.0 |  1276
               +---------+---------+-------+---------+---------+-------+---------
           D:1 |       0 |      30 |   0.0 |       0 |      22 |   0.0 |  1276
               +---------+---------+-------+---------+---------+-------+---------
